Map: Oxide LE

Players

LEON

  • Race: Zerg Zerg
  • League: Platinum
  • Spawn Location: 7:00

Massa - Winner!

  • Race: Terran Terran
  • League: Platinum
  • Spawn Location: 1:00

VOD

Have the link to the VOD?

Description

Time

  • Played on: Jan. 18, 2021, 11:44 a.m.
  • Length: 12:39
Show
View Real Time Build Order
Export as new Build Order

LEON Zerg 

Build Orders: Hatch First 

Get SALT Encoding   

  12  0:00  Drone  
  13  0:12  Overlord  
  13  0:16  Drone  
  14  0:31  Drone x2  
  16  0:40  Drone  
  17  0:54  Hatchery  
  17  0:55  Extractor  
  15  1:08  Spawning Pool  
  14  1:11  Drone  
  15  1:19  Drone  
  15  1:25  Drone x2  
  18  1:33  Drone  
  19  1:44  Overlord  
  19  1:59  Drone  
  19  2:00  Queen  
  22  2:08  Drone  
  22  2:09  Drone  
  22  2:11  Metabolic Boost  
  22  2:14  Queen  
  26  2:18  Drone  
  27  2:23  Drone  
  28  2:30  Drone x2  
  30  2:40  Drone x2  
  32  2:46  Lair  
  32  2:48  Drone  
  32  2:49  Drone  
  34  2:56  Queen  
  36  2:59  Extractor  
  36  3:00  Zergling x2  
  36  3:03  Overlord  
  36  3:13  Overlord  
  36  3:21  Zergling x2  
  36  3:22  Zergling x4  
  36  3:25  Drone  
  40  3:30  Drone x4  
  40  3:32  Extractor  
  43  3:50  Hatchery  
  43  3:54  Drone  
  43  3:55  Drone x4  
  47  4:01  Drone x2  
  49  4:11  Nydus Network, Evolution Chamber  
  49  4:15  Zergling x4  
  49  4:16  Zergling x6  
  52  4:22  Spine Crawler  
  47  4:24  Zergling x4  
  43  4:35  Zergling x2  
  43  4:36  Zergling x6  
  35  4:45  Zergling x2  
  35  4:53  Drone  
  36  5:05  Drone x2  
  36  5:06  Drone  
  38  5:12  Drone x2  
  40  5:18  Zergling x2  
  40  5:20  Drone  
  40  5:23  Drone  
  35  5:31  Spore Crawler  
  33  5:35  Spore Crawler  
  33  5:38  Drone x3  
  35  5:43  Spore Crawler  
  35  5:44  Spore Crawler  
  35  5:46  Overseer  
  35  5:49  Drone x3  
  36  5:52  Drone  
  37  6:06  Drone x3  
  40  6:14  Drone x3  
  40  6:15  Drone  
  44  6:29  Roach Warren  
  44  6:32  Overseer  
  43  6:34  Queen  
  44  6:43  Overseer  
  44  6:47  Zergling x8, Overlord  
  44  6:48  Drone  
  44  6:49  Drone  
  48  7:05  Queen x2  
  49  7:10  Queen  
  49  7:13  Spore Crawler  
  47  7:17  Spore Crawler  
  47  7:22  Zergling x4  
  48  7:28  Drone x5  
  51  7:40  Queen  
  52  7:45  Spore Crawler  
  52  7:50  Spore Crawler  
  44  8:01  Roach x7  
  58  8:11  Overlord x2  
  58  8:21  Extractor  
  53  8:28  Extractor  
  52  8:35  Roach x3  
  52  8:36  Roach x3  
  52  8:40  Overseer  
  64  8:48  Drone x3, Spore Crawler  
  66  9:03  Overlord x2  
  66  9:08  Overlord  
  66  9:10  Spore Crawler  
  66  9:16  Overlord  
  65  9:24  Roach x3  
  65  9:27  Drone  
  72  9:31  Drone  
  72  9:32  Drone  
  74  9:39  Overseer  
  74  9:43  Nydus Canal  
  74  9:48  Roach x2  
  74  9:49  Roach  
  80  10:10  Overseer  
  80  10:12  Roach x4  
  80  10:13  Roach  
  90  10:14  Nydus Canal  
  90  10:16  Overlord  
  90  10:27  Overlord x2  
  90  10:38  Ravager  
  90  10:40  Overlord x2  
  91  10:43  Glial Reconstitution  
  91  10:50  Evolution Chamber  
  91  10:55  Drone, Evolution Chamber  
  90  11:02  Drone x2  
  92  11:18  Nydus Canal  
  91  11:20  Zergling x10  
  95  11:27  Burrow  
  95  11:28  Zergling x2  
  95  11:30  Drone  
  97  11:37  Roach x2  
  102  11:40  Zergling x2  
  98  11:57  Roach x4  
  98  11:58  Roach  
  51  12:09  Roach x3  
  51  12:11  Drone  
  58  12:15  Drone  
  58  12:16  Drone x2  
  58  12:22  Drone x2  
  62  12:24  Drone  
  62  12:26  Drone  
Show
View Real Time Build Order
Export as new Build Order

Massa Terran - Winner!

Build Orders:  

Get SALT Encoding   

  12  0:00  SCV  
  13  0:12  SCV  
  14  0:19  Supply Depot  
  14  0:24  SCV  
  15  0:41  SCV  
  15  0:42  Barracks  
  16  0:46  Refinery  
  16  0:54  SCV  
  17  1:06  SCV  
  18  1:18  SCV  
  19  1:30  Orbital Command  
  19  1:41  Command Center  
  19  1:44  Barracks Reactor  
  19  2:02  Supply Depot  
  19  2:05  SCV  
  20  2:14  Factory  
  20  2:20  SCV  
  20  2:21  Marine x2  
  23  2:25  Supply Depot  
  23  2:32  SCV  
  24  2:38  Marine  
  24  2:39  Marine  
  26  2:55  Orbital Command  
  26  2:56  Marine x2  
  28  3:01  Starport  
  28  3:02  Hellion  
  30  3:11  SCV  
  31  3:24  SCV x2  
  33  3:29  Barracks Tech Lab  
  33  3:31  Supply Depot  
  33  3:32  Hellion  
  33  3:33  Hellion  
  37  3:42  SCV x2  
  39  3:49  Refinery  
  39  3:54  Hellion  
  39  3:55  Banshee  
  44  3:56  Barracks Tech Lab  
  46  4:03  Hellion  
  42  4:41  Banshee  
  37  4:55  Cloaking Field  
  37  5:06  Marine  
  37  5:07  Marine  
  23  5:30  SCV x2  
  23  5:34  Banshee  
  28  5:42  SCV x2  
  30  5:51  Marine x2  
  30  5:54  SCV x2  
  34  6:00  Siege Tank  
  37  6:06  SCV  
  37  6:07  SCV  
  37  6:09  Marine x2  
  37  6:11  Barracks  
  41  6:12  Barracks x2  
  41  6:14  Barracks  
  41  6:15  Command Center  
  41  6:16  Engineering Bay  
  41  6:19  SCV x2  
  43  6:27  Marine x2  
  43  6:31  SCV x2  
  47  7:07  Marine  
  47  7:08  Marine  
  49  7:13  Siege Tank  
  52  7:20  Missile Turret  
  52  7:25  Marine  
  53  7:38  Barracks Reactor, Barracks Tech Lab x3  
  43  7:59  SCV  
  43  8:00  SCV  
  43  8:04  Viking  
  47  8:06  Missile Turret  
  47  8:11  SCV  
  48  8:13  Stimpack  
  48  8:16  Marine x2  
  50  8:24  Marauder  
  50  8:25  Marauder, Marine x3  
  57  8:34  Marine x2  
  59  8:42  Marine  
  59  8:43  Marine  
  58  8:55  SCV  
  58  8:56  SCV  
  58  8:58  SCV  
  58  9:01  Refinery  
  58  9:02  Missile Turret  
  61  9:03  Marauder x3, Marine x2  
  61  9:07  SCV  
  61  9:08  SCV  
  71  9:10  SCV, Medivac  
  71  9:11  Refinery  
  71  9:14  Marine x2  
  76  9:20  SCV  
  76  9:24  Barracks  
  77  9:27  Supply Depot  
  77  9:32  Supply Depot  
  77  9:33  Supply Depot  
  77  9:36  Supply Depot x2  
  77  9:49  SCV x3, Marine x5  
  85  9:53  Marine x2  
  87  10:01  SCV x2  
  87  10:06  Marine x5  
  89  10:11  Marine x2  
  96  10:43  Marauder x2, Marine  
  96  10:44  Marauder, Marine, Combat Shield  
  104  10:52  Siege Tank  
  107  11:05  Marauder  
  109  11:14  Planetary Fortress  
  109  11:23  SCV x2  
  109  11:24  Siege Tank  
  114  11:34  Armory  
  114  11:35  SCV x2  
  114  11:47  SCV x2  
  115  11:59  SCV  
  115  12:00  Marauder x3, Marine  
  115  12:01  Marine x3  
  105  12:14  SCV x3  
  108  12:20  Marine x4  
  116  12:25  Missile Turret  
  116  12:26  SCV  
  117  12:30  Supply Depot  
  117  12:32  Supply Depot  
  117  12:34  Supply Depot  
  117  12:35  Supply Depot  
  117  12:38  Supply Depot  
Tags
 
Matchup
TvZ
Replay Pack
Multiplayer
Spawn Locations
Cross Positions
Add a new tag
Caveats
  • Supply blocks, unpowered buildings, or Contaminate may cause inaccurate times.
  • Supply counts are checked every 10 seconds.